 Dungeon Crawl Stone Soup version 0.21-a0-241-g2cbab09 (webtiles) character file.

163 Chiseanne the Skirmisher (level 5, -19/61 HPs)
             Began as an Ogre Wanderer on Sept 3, 2017.
             Demolished by a two-headed ogre
             ... wielding a +0 dire flail
              (32 damage)
             ... on level 4 of the Dungeon.
             The game lasted 00:05:28 (2841 turns).

Chiseanne the Skirmisher (Ogre Wanderer)            Turns: 2841, Time: 00:05:28

Health: -19/61     AC:  3    Str: 23    XL:     5   Next: 44%
Magic:  5/5        EV: 10    Int: 13    God:
Gold:   134        SH:  0    Dex:  7    Spells: 4/4 levels left

rFire    . . .     SeeInvis .   a - +2 mace
rCold    . . .     Gourm    .   (no shield)
rNeg     . . .     Faith    .   e - +0 robe
rPois    .         Spirit   .   (helmet restricted)
rElec    .         Reflect  .   (no cloak)
rCorr    .         Harm     .   (gloves unavailable)
MR       +....                  (boots unavailable)
Stlth    +.........             (no amulet)
HPRegen  0.20/turn              l - ring of protection from magic
MPRegen  0.09/turn              (no ring)

@: mighty
A: unfitting armour, tough skin 1
a: no special abilities


You were on level 4 of the Dungeon.
You were not hungry.

You visited 1 branch of the dungeon, and saw 4 of its levels.

You collected 134 gold pieces.

Inventory:

Hand Weapons
 a - a +2 mace (weapon)
 q - a +3 hunting sling
 v - a +0 halberd
 w - a +2 hand crossbow
Missiles
 b - 43 bolts
 c - 36 arrows
 h - 57 sling bullets
 m - 169 stones (quivered)
 z - 13 poisoned needles
Armour
 e - a +0 robe (worn)
Jewellery
 l - a ring of protection from magic (left hand)
 A - an uncursed ring of fire
Scrolls
 r - a scroll of blinking
 t - 2 scrolls of remove curse
 y - a scroll of magic mapping
Potions
 d - 2 potions of lignification
 i - a potion of magic
 j - 2 potions of mutation
 o - a potion of curing
 p - a potion of brilliance
 u - a potion of haste
Comestibles
 f - 4 bread rations
 n - a fruit


   Skills:
 * Level 6.7 Fighting
 * Level 2.2 Maces & Flails
 - Level 1.3 Crossbows
 * Level 3.1 Dodging
 - Level 1.0 Stealth
   Level 1.0 Shields


You had 4 spell levels left.
You didn't know any spells.

Dungeon Overview and Level Annotations

Branches:
Dungeon (4/15)
 Temple: D:4-7

Altars:
Dithmenos


Innate Abilities, Weirdness & Mutations

You are too large for most types of armour.
You have tough skin. (AC +1)


Message History

You barely miss the two-headed ogre.
The two-headed ogre hits you with a dire flail!
The two-headed ogre closely misses you.
You barely miss the two-headed ogre. The two-headed ogre closely misses you.
The two-headed ogre barely misses you.
You sock the two-headed ogre!
The two-headed ogre is moderately wounded.
The two-headed ogre barely misses you.
The two-headed ogre hits you with a giant spiked club!
You thump the two-headed ogre!
The two-headed ogre is moderately wounded.
The two-headed ogre hits you with a dire flail.
The two-headed ogre hits you with a giant spiked club!
You barely miss the two-headed ogre.
The two-headed ogre is moderately wounded.
The two-headed ogre hits you with a dire flail!
* * * LOW HITPOINT WARNING * * *
The two-headed ogre hits you with a giant spiked club!!
Ouch! That really hurt!
You die...

##+#
##...#
##.....##
#......O##
.......@.#
.........+
......?..#
#.......##
##.....##
##...#
##+#


You could see a two-headed ogre.

Vanquished Creatures
  3 gnolls (D:2)
  5 adders
  2 oozes
  3 worms
  3 dart slugs
  2 orcs (D:3)
  9 bats
  6 giant cockroaches
  4 goblins
  7 hobgoblins
  6 jackals
  2 quokkas (D:3)
  2 frilled lizards (D:2)
  6 kobolds
  7 rats
67 creatures vanquished.

Notes
Turn   | Place    | Note
-------+----------+-------------------------------------------
     0 | D:1      | Chiseanne the Ogre Wanderer began the quest for the Orb.
     0 | D:1      | Chiseanne set off with: a +2 hand crossbow, 29 bolts, a +0 mace, a potion of lignification, a +0 robe, a bread ration
     0 | D:1      | Reached XP level 1. HP: 27/27 MP: 1/1
   112 | D:1      | Reached XP level 2. HP: 29/35 MP: 2/2
   867 | D:2      | Reached skill level 1 in Maces & Flails
   875 | D:2      | Reached XP level 3. HP: 43/44 MP: 3/3
  1240 | D:2      | Found a shadowy altar of Dithmenos.
  1308 | D:2      | Reached XP level 4. HP: 52/52 MP: 4/4
  1330 | D:2      | Reached skill level 6 in Fighting
  1791 | D:3      | Reached XP level 5. HP: 21/61 MP: 5/5
  2836 | D:4      | Noticed a two-headed ogre
  2841 | D:4      | Demolished by a two-headed ogre

Vault maps used:
D:1:      dpeg_arrival_tiny_d, serial_bayou_ford_a, minmay_misc_feat_square
D:2:      kennysheep_decorative_pillar, grunt_dithmenos_smoke_and_mirrors
D:4:      first_bread, grunt_ministairs_11

Skill      XL: |  1  2  3  4  5 |
---------------+----------------+-----
Dodging        | 2 3 |  3.1
Maces & Flails | 1 2 |  2.2
Fighting       | 6 |  6.7
Crossbows      | |  1.3
Stealth        | |  1.0
Shields        | |  1.0

Action                   |  1- 3 |  4- 6 || total
-------------------------+-------+-------++-------
Melee: Mace              |    71 |   109 ||   180
 Fire: Hand crossbow     |    14 |    14 ||    28
  Use: Scroll            |       |    15 ||    15
       Potion            |       |     1 ||     1
 Stab: Sleeping          |       |     2 ||     2
  Eat: Chunk             |     1 |     5 ||     6
Armor: Robe              |    35 |    37 ||    72
Dodge: Dodged            |    45 |    72 ||   117

Table legend:
 A = Spawn XP
 B = Non-spawn XP
 C = Spawn XP percentage of total XP
 D = Spawn monster count
 E = Non-spawn monster count
 F = Spawn count percentage of total count
 G = Total turns spent on level
                    A         B        C        D         E        F      G
               +---------+---------+-------+---------+---------+-------+---------
         Total |      49 |     185 |  20.9 |       7 |      60 |  10.4 |  2841
               +---------+---------+-------+---------+---------+-------+---------
           D:1 |       1 |      30 |   3.2 |       1 |      18 |   5.3 |   830
           D:2 |      43 |      70 |  38.1 |       3 |      21 |  12.5 |   870
           D:3 |       5 |      85 |   5.6 |       3 |      21 |  12.5 |  1136
               +---------+---------+-------+---------+---------+-------+---------
